 Dungeon Crawl Stone Soup version 0.20-a0-795-ga03948b (webtiles) character file.

156 Alarkh the Skirmisher (level 5, -1/42 HPs)
             Began as a Demonspawn Abyssal Knight on Mar 2, 2017.
             Was a Believer of Lugonu.
             Slain by Alarkh's ghost (5 damage)
             ... on level 3 of the Dungeon.
             The game lasted 00:03:49 (3002 turns).

Alarkh the Skirmisher (Demonspawn Abyssal Knight)   Turns: 3002, Time: 00:03:50

Health: -1/42      AC:  4    Str: 13    XL:     5   Next: 15%
Magic:  7/7        EV: 17    Int: 16    God:    Lugonu [**....]
Gold:   157        SH:  0    Dex: 17    Spells: 4/4 levels left

rFire    . . .     SeeInvis .   a - +1 falchion
rCold    . . .     Gourm    .   b - +1 leather armour
rNeg     . . .     Faith    .   (no shield)
rPois    .         Spirit   .   (helmet restricted)
rElec    .         Reflect  .   (no cloak)
rCorr    .         Harm     .   (no gloves)
MR       .....                  (no boots)
Stlth    +++.......             (no amulet)
Regen    0.2/turn               i - ring of flight
MPRegen  0.1/turn               f - ring of wizardry

@: agile
A: horns 2, clever 1, nightstalker 1, rot immunity
a: Depart the Abyss, Bend Space, Renounce Religion, Evoke Flight


You were on level 3 of the Dungeon.
You worshipped Lugonu.
Lugonu was pleased with you.
You were not hungry.

You visited 1 branch of the dungeon, and saw 3 of its levels.
You visited the Abyss 1 time.

You collected 157 gold pieces.

Inventory:

Hand Weapons
 a - a +1 falchion (weapon)
 h - a +0 dagger of venom
Armour
 b - a +1 leather armour (worn)
Jewellery
 f - a ring of wizardry (left hand)
 i - a ring of flight (right hand)
Scrolls
 e - 2 scrolls of blinking {unknown}
 j - 3 scrolls of remove curse
 k - a scroll of enchant armour
Potions
 g - a potion of curing
Comestibles
 c - a bread ration
 d - a chunk of flesh
 m - 2 royal jellies


   Skills:
 + Level 3.7 Fighting
 * Level 3.0 Long Blades
 + Level 2.5 Armour
 + Level 1.8 Dodging
 + Level 3.7 Invocations


You had 4 spell levels left.
You didn't know any spells.

Dungeon Overview and Level Annotations

Branches:
Dungeon (3/15)

Altars:
Ru
Xom

Annotations:
D:3 Alarkh's ghost, amateur DsAK


Innate Abilities, Weirdness & Mutations

You have a pair of horns on your head.
You are slightly more attuned to the shadows.
You are immune to rotting.
Your mind is acute. (Int +2)


Message History

Alarkh's ghost misses you.
You hit Alarkh's ghost.
Alarkh's ghost is moderately damaged.
The hobgoblin hits you. Alarkh's ghost misses you.
You miss Alarkh's ghost.
Alarkh's ghost is moderately damaged.
The hobgoblin hits you. Alarkh's ghost hits you.
* * * LOW HITPOINT WARNING * * *
You closely miss Alarkh's ghost.
Alarkh's ghost is moderately damaged.
The hobgoblin hits you.
* * * LOW HITPOINT WARNING * * *
Alarkh's ghost hits you.
* * * LOW HITPOINT WARNING * * *
The hobgoblin hits you but does no damage.
A bat comes into view.
You miss Alarkh's ghost. Your headbutt misses Alarkh's ghost.
Alarkh's ghost is moderately damaged.
Alarkh's ghost hits you.
You die...

#..........# #######.....
#######+#... ############
.........### ...... ....##
.........# ...... #....#
.........# ...... #.#..#
.........#
......##.##.#########'####
.....b'.W@................
......##g##†.##.#####.####
...... #.###.#........#
...... #.###....#######
..W... #..h....... #.....
....#.....##### #.....
.h..#.....#<..#
#.....###.# #.........#


You could see Alarkh's ghost, a jackal (wandering), a hobgoblin and a bat.

Vanquished Creatures
  8 adders
  3 oozes
  4 worms (D:2)
  2 dart slugs (D:1)
  3 leopard geckos
  A giant cockroach (D:1)
  5 hobgoblins
  4 jackals (D:3)
  9 kobolds
  A quokka (D:2)
  A ball python (D:2)
  4 bats
  5 frilled lizards
  5 goblins
  6 rats
61 creatures vanquished.

Notes
Turn   | Place    | Note
-------+----------+-------------------------------------------
     0 | Abyss:1  | Alarkh the Demonspawn Abyssal Knight began the quest for the Orb.
     0 | Abyss:1  | Reached XP level 1. HP: 18/18 MP: 2/2
    15 | Abyss:1  | Noticed an orange demon
    45 | Abyss:1  | Noticed a hippogriff
    45 | Abyss:1  | a shapeshifter changed into a hippogriff
    48 | Abyss:1  | Noticed a thrashing horror
    50 | D:1      | Escaped the Abyss
    96 | D:1      | Reached skill level 1 in Dodging
   156 | D:1      | Gained mutation: You have a pair of small horns on your head. [demonic ancestry]
   156 | D:1      | Reached XP level 2. HP: 22/24 MP: 4/4
   372 | D:1      | Reached * piety under Lugonu
   985 | D:1      | Gained mutation: You are slightly more attuned to the shadows. [demonic ancestry]
   985 | D:1      | Reached XP level 3. HP: 26/29 MP: 5/5
  1573 | D:2      | Reached XP level 4. HP: 19/35 MP: 6/6
  1922 | D:2      | Found a sacrificial altar of Ru.
  2100 | D:2      | Gained mutation: You are clumsy. (Dex -2) [potion of mutation]
  2100 | D:2      | Gained mutation: You have a pair of horns on your head. [potion of mutation]
  2106 | D:2      | HP: 1/37 [poisoned by an adder]
  2474 | D:2      | Found a shimmering altar of Xom.
  2475 | D:2      | Lost mutation: You have a pair of horns on your head. [potion of mutation]
  2475 | D:2      | Lost mutation: You are clumsy. (Dex -2) [potion of mutation]
  2475 | D:2      | Gained mutation: Your mind is acute. (Int +2) [potion of mutation]
  2475 | D:2      | Gained mutation: You have a pair of horns on your head. [potion of mutation]
  2826 | D:3      | Noticed Alarkh's ghost (amateur DsAK)
  2973 | D:3      | Reached ** piety under Lugonu
  2973 | D:3      | Gained mutation: You are immune to rotting. [demonic ancestry]
  2973 | D:3      | Reached XP level 5. HP: 39/42 MP: 7/7
  3002 | D:3      | Slain by Alarkh's ghost

Vault maps used:
D:1:      co_arrival_square_in_a_square_in_a_square
D:2:      nicolae_overflow_hidden_temple, nicolae_overflow_crystal_walls

Skill      XL: |  1  2  3  4  5 |
---------------+----------------+-----
Armour         | 2 |  2.5
Dodging        | 1 |  1.8
Long Blades    | 2 3 |  3.0
Invocations    | 3 |  3.7
Fighting       | |  3.7

Action                   |  1- 3 |  4- 6 || total
-------------------------+-------+-------++-------
Melee: Falchion          |    87 |    82 ||   169
       Headbutt          |     7 |    15 ||    22
       Dagger            |       |    13 ||    13
Invok: Depart the Abyss  |     1 |       ||     1
  Use: Potion            |       |     7 ||     7
       Scroll            |       |     2 ||     2
 Stab: Sleeping          |     3 |     4 ||     7
  Eat: Chunk             |     2 |     5 ||     7
Armor: Leather armour    |    22 |    25 ||    47
Dodge: Dodged            |    60 |    82 ||   142
       Rpst.: Falchion   |    22 |    25 ||    47
